 Dungeon Crawl Stone Soup version 0.27-a0-1136-g0b992a5a9d (webtiles) character file.

Game seed: 7716088248033778116

37 Zeld the Skirmisher (level 3, -15/26 HPs)
             Began as an Octopode Fighter on May 4, 2021.
             Demolished by an ogre
             ... wielding a +0 giant club
              (22 damage)
             ... on level 2 of the Dungeon.
             The game lasted 00:01:23 (1002 turns).

Zeld the Skirmisher (Octopode Fighter)              Turns: 1002, Time: 00:01:23

Health: -15/26     AC:  1    Str: 16    XL:     3   Next: 39%
Magic:  3/3        EV: 11    Int: 10    God:
Gold:   56         SH:  9    Dex: 11    Spells: 2/2 levels left

rFire    . . .     SeeInvis .   a - +0 war axe
rCold    . . .     Faith    .   b - +0 kite shield
rNeg     . . .     Spirit   .   (helmet restricted)
rPois    .         Reflect  .   (no amulet)
rElec    .         Harm     .   (no ring)
rCorr    .         Rampage  .   (no ring)
Will     .....                  (no ring)
Stlth    +++.......             (no ring)
HPRegen  0.08/turn              (no ring)
MPRegen  0.08/turn              (no ring)
                                (no ring)
                                (no ring)

@: no status effects
A: almost no armour, amphibious, 8 rings, camouflage 1, gelatinous body 1,
nimble swimmer 1, tentacles
a: no special abilities


You were on level 2 of the Dungeon.
You visited 1 branch of the dungeon, and saw 2 of its levels.

You collected 56 gold pieces.

Inventory:

Hand Weapons
 a - a +0 war axe (weapon)
Armour
 b - a +0 kite shield (worn)
Wands
 g - a wand of digging (3)
Scrolls
 e - a scroll of identify {unknown}
Potions
 c - a potion of might
 d - a potion of magic {unknown}
 f - a potion of heal wounds {unknown}


   Skills:
 * Level 3.5 Fighting
 * Level 2.6 Axes
 - Level 3.0 Dodging
 * Level 3.4 Shields


You had 2 spell levels left.
You didn't know any spells.
Your spell library was empty.

Dungeon Overview and Level Annotations

Branches:
Dungeon (2/15)

Altars:


Innate Abilities, Weirdness & Mutations

You cannot wear most types of armour.
You are amphibious.
You can wear up to eight rings at the same time.
Your skin changes colour to match your surroundings (Stealth+).
Your rubbery body absorbs attacks. (AC +1, EV +1)
You are camouflaged near water. (Stealth+)
You have tentacles for arms and can constrict up to eight enemies at once.


Message History

No target in view!
No target in view!
No target in view!
An endoplasm comes into view.
The endoplasm moves out of view.
No target in view!
No target in view!
No target in view!
No target in view!
There are monsters nearby!
The hobgoblin shouts!
The endoplasm quivers.
You hit the hobgoblin but do no damage. You grab the hobgoblin.
You constrict the hobgoblin. The hobgoblin hits you. The endoplasm freezes you.
You are frozen.
You hit the hobgoblin. You squeeze the hobgoblin.
You kill the hobgoblin!
You hit the endoplasm.
You kill the endoplasm!
No target in view!
No target in view!
No target in view!
Found a stone staircase leading down.
There is a stone staircase leading down here.
An ogre comes into view. It is wielding a +0 giant club.
An ogre is nearby!
Found 24 stones.
The ogre shouts!
The teleport trap disappears.
The ogre disappears!
You are engulfed in a cloud of scalding steam.
Really swim into that cloud of steam?
Really swim into a travel-excluded area?
You are engulfed in a cloud of scalding steam.
You are engulfed in a cloud of scalding steam.
* * * LOW HITPOINT WARNING * * *
Really swim into a travel-excluded area?
The ogre hits you with a +0 giant club!!
Ouch! That really hurt!
You die...

###≈≈# #§§≈§#### ##≈§≈≈≈≈#
##§##≈≈# #§## ### #§###
##§≈# .# .. ######§#####.#
... ##...≈≈≈@≈...## ...
##.....≈O≈.....## #.###
#...............# #....
#...............# ##..#
#...............#### #....
##........................#
#.........†..........####.#
..#..............## #..
.........#........# ###


You could see an ogre.

Vanquished Creatures
  An adder (D:2)
  2 dart slugs (D:1)
  4 bats
  2 endoplasms
  A hobgoblin (D:2)
  4 kobolds (D:1)
  2 quokkas (D:1)
  A ball python (D:1)
  3 frilled lizards (D:1)
  4 rats (D:1)
24 creatures vanquished.

Notes
Turn   | Place    | Note
-------+----------+-------------------------------------------
     0 | D:1      | Zeld the Octopode Fighter began the quest for the Orb.
     0 | D:1      | Reached XP level 1. HP: 16/16 MP: 1/1
   106 | D:1      | Reached XP level 2. HP: 20/21 MP: 2/2
   399 | D:1      | Found a faded altar of an unknown god.
   601 | D:2      | Reached XP level 3. HP: 26/26 MP: 3/3
   951 | D:2      | Noticed an ogre
  1002 | D:2      | Demolished by an ogre

Illustrated notes

Levels and vault maps discovered:
D:1:      pf_arrival_petrified_forest, layout_rooms,
          ebering_ecumenical_altar_rust
D:2:      layout_rooms, lemuel_another_geyser

Action                   || total
-------------------------++-------
Melee: War axe           ||    44
       Constrict         ||    12
       Tentacles         ||     3
 Stab: Sleeping          ||     4
Armor: Skin              ||     8
Dodge: Dodged            ||    19
Block: Kite shield       ||    18

Table legend: (Time is in decaauts)
 A = Elapsed time spent in this place.
 B = Non-inter-level travel time spent in this place.
 C = Inter-level travel time spent in this place.
 D = Time resting spent in this place.
 E = Time spent auto-exploring this place.
 F = Levels seen in this place.
 G = Mean time per level.
                   A        B        C        D        E       F      G
               +--------+--------+--------+--------+--------+-----+--------+
         Total |   1029 |   1027 |      2 |      0 |    825 |   2 |  514.5 |
       Dungeon |   1029 |   1027 |      2 |      0 |    825 |   2 |  514.5 |
               +--------+--------+--------+--------+--------+-----+--------+

Top non-repeatable levels by time:
     D:1: 577 daAuts
     D:2: 452 daAuts
